[ PARTIDA AOE2 · #493665651 ]
UnrankedChinos vs Magyars
Equipo del jugador · DERR
Equipo rival · VICT
[ ANÁLISIS DE REPETICIÓN · EXTRAÍDO DE LA PARTIDA GRABADA ]
Feudal
8:47
Castillos
—
Imperial
—
| APM promedio | 61.8 |
| APM pico | 90 |
| eAPM promedio | 20.5 |
| Aldeanos / militares | 39 / 18 |
Foco
⚔️ 34.6% · 🌾 65.4%
Archer ×13 · Scout Cavalry ×3 · Spearman ×1 · Skirmisher ×1
Feudal
9:15
Castillos
—
Imperial
—
| APM promedio | 66.2 |
| APM pico | 104 |
| eAPM promedio | 18.4 |
| Aldeanos / militares | 38 / 21 |
Foco
⚔️ 27.4% · 🌾 72.6%
Archer ×16 · Militia ×4 · Skirmisher ×1
Mapa de la partida
Recursos iniciales + cada clic de construcción. Líneas = muros · curvas = relieve. ◆ oro · ⬟ piedra · ● bayas · ✦ reliquia · ◌ hueco del cierre
Tu base· Abierta — flanco sin cerrar
Base de TheKillerSoap· Abierta — flanco sin cerrar
Terreno inicial suavizado · ◌ = hueco del cierre detectado · pasá el cursor para detalles
Inputs por minuto
— Ode - - TheKillerSoap
Build order — Ode
103 acciones detectadas en el replay
| 0:09 | Investigar | Loom |
| 0:41 | Crear | Villager (Male) |
| 1:08 | Crear | Villager (Male) |
| 1:08 | Crear | Villager (Male) |
| 1:32 | Crear | Villager (Male) |
| 2:02 | Construir | Lumber Camp |
| 2:07 | Crear | Villager (Male) |
| 2:31 | Crear | Villager (Male) |
| 2:31 | Crear | Villager (Male) |
| 3:02 | Crear | Villager (Male) |
| 3:09 | Construir | House |
| 3:29 | Crear | Villager (Male) |
| 4:03 | Crear | Villager (Male) |
| 4:22 | Crear | Villager (Male) |
| 4:30 | Crear | Villager (Male) |
| 4:46 | Construir | Mill |
| 5:02 | Crear | Villager (Male) |
| 5:03 | Crear | Villager (Male) |
| 5:06 | Crear | Villager (Male) |
| 6:37 | Investigar | Feudal Age |
| 7:23 | Construir | House |
| 7:24 | Construir | Barracks |
| 8:15 | Crear | Villager (Male) |
| 8:37 | Construir | Palisade Wall |
| 8:37 | Construir | Palisade Wall |
| 8:41 | Construir | Mining Camp |
| 8:47 | Edad | Edad Feudal |
| 8:51 | Construir | Archery Range |
| 9:14 | Crear | Villager (Male) |
| 9:17 | Crear | Spearman |
| 9:19 | Construir | House |
| 9:24 | Crear | Villager (Male) |
| 9:27 | Construir | Palisade Wall |
| 9:29 | Construir | Palisade Wall |
| 9:38 | Construir | Palisade Wall |
| 9:41 | Construir | Palisade Wall |
| 9:45 | Crear | Villager (Male) |
| 9:47 | Construir | Farm |
| 9:48 | Investigar | Double-Bit Axe |
| 9:56 | Crear | Villager (Male) |
| 10:02 | Crear | Archer |
| 10:18 | Construir | Farm |
| 10:35 | Construir | Farm |
| 10:41 | Crear | Villager (Male) |
| 10:47 | Crear | Archer |
| 10:47 | Crear | Archer |
| 10:59 | Crear | Archer |
| 11:13 | Construir | Farm |
| 11:14 | Crear | Villager (Male) |
| 11:17 | Crear | Villager (Male) |
| 11:24 | Construir | House |
| 11:25 | Crear | Archer |
| 11:39 | Investigar | Town Watch |
| 11:45 | Crear | Archer |
| 11:48 | Construir | Palisade Wall |
| 11:56 | Crear | Villager (Male) |
| 11:56 | Crear | Villager (Male) |
| 12:20 | Construir | House |
| 12:28 | Crear | Villager (Male) |
| 12:37 | Crear | Villager (Male) |
| 12:42 | Construir | House |
| 12:46 | Crear | Villager (Male) |
| 12:51 | Crear | Villager (Male) |
| 13:02 | Construir | Stable |
| 13:05 | Construir | Farm |
| 13:06 | Construir | Farm |
| 13:07 | Crear | Archer |
| 13:19 | Crear | Villager (Male) |
| 13:25 | Construir | House |
| 13:26 | Crear | Villager (Male) |
| 13:27 | Crear | Villager (Male) |
| 13:30 | Construir | Farm |
| 13:30 | Construir | Farm |
| 13:44 | Crear | Archer |
| 13:54 | Construir | Farm |
| 14:06 | Crear | Archer |
| 14:11 | Crear | Scout Cavalry |
| 14:19 | Construir | House |
| 14:24 | Crear | Archer |
| 14:37 | Construir | Palisade Wall |
| 14:45 | Crear | Archer |
| 15:02 | Crear | Scout Cavalry |
| 15:15 | Construir | Blacksmith |
| 15:22 | Crear | Villager (Male) |
| 15:23 | Crear | Villager (Male) |
| 15:24 | Construir | Farm |
| 15:25 | Crear | Villager (Male) |
| 15:27 | Construir | House |
| 15:42 | Crear | Archer |
| 15:43 | Crear | Scout Cavalry |
| 15:48 | Construir | Farm |
| 15:51 | Investigar | Fletching |
| 15:54 | Crear | Villager (Male) |
| 15:54 | Crear | Villager (Male) |
| 15:58 | Construir | Lumber Camp |
| 16:04 | Construir | Farm |
| 16:32 | Crear | Villager (Male) |
| 16:38 | Construir | Market |
| 16:50 | Construir | Palisade Wall |
| 17:10 | Crear | Archer |
| 17:13 | Crear | Skirmisher |
| 17:14 | Crear | Villager (Male) |
| 17:18 | Construir | Watch Tower |
Build order — TheKillerSoap
99 acciones detectadas en el replay
| 0:00 | Crear | Villager (Male) |
| 0:01 | Crear | Villager (Male) |
| 0:01 | Crear | Villager (Male) |
| 0:01 | Crear | Villager (Male) |
| 0:02 | Crear | Villager (Male) |
| 0:02 | Construir | House |
| 0:04 | Construir | House |
| 1:32 | Crear | Villager (Male) |
| 1:33 | Crear | Villager (Male) |
| 1:54 | Construir | Lumber Camp |
| 2:01 | Crear | Villager (Male) |
| 2:16 | Crear | Villager (Male) |
| 2:16 | Crear | Villager (Male) |
| 2:45 | Crear | Villager (Male) |
| 2:45 | Crear | Villager (Male) |
| 3:08 | Crear | Villager (Male) |
| 3:09 | Crear | Villager (Male) |
| 3:30 | Crear | Villager (Male) |
| 3:50 | Construir | House |
| 3:56 | Crear | Villager (Male) |
| 3:57 | Crear | Villager (Male) |
| 4:16 | Construir | Mill |
| 4:49 | Crear | Villager (Male) |
| 4:49 | Crear | Villager (Male) |
| 4:50 | Crear | Villager (Male) |
| 5:22 | Crear | Villager (Male) |
| 5:28 | Crear | Villager (Male) |
| 6:15 | Investigar | Loom |
| 6:38 | Construir | Barracks |
| 6:55 | Investigar | Feudal Age |
| 7:19 | Construir | House |
| 7:35 | Crear | Militia |
| 7:35 | Crear | Militia |
| 7:35 | Crear | Militia |
| 8:13 | Crear | Militia |
| 8:19 | Construir | Mining Camp |
| 8:56 | Construir | Palisade Wall |
| 9:00 | Crear | Villager (Male) |
| 9:15 | Edad | Edad Feudal |
| 9:16 | Investigar | Man-at-Arms (upgrade) |
| 9:44 | Crear | Villager (Male) |
| 9:46 | Construir | Archery Range |
| 9:55 | Construir | House |
| 9:57 | Construir | Palisade Wall |
| 10:36 | Crear | Villager (Male) |
| 10:38 | Crear | Archer |
| 10:38 | Crear | Archer |
| 10:47 | Construir | House |
| 11:07 | Crear | Villager (Male) |
| 11:07 | Crear | Villager (Male) |
| 11:13 | Construir | House |
| 11:24 | Crear | Archer |
| 11:35 | Construir | Farm |
| 11:52 | Construir | Blacksmith |
| 11:55 | Crear | Villager (Male) |
| 12:13 | Crear | Archer |
| 12:15 | Construir | Palisade Wall |
| 12:23 | Construir | Palisade Wall |
| 12:32 | Crear | Skirmisher |
| 12:48 | Investigar | Fletching |
| 12:51 | Crear | Archer |
| 13:07 | Crear | Villager (Male) |
| 13:41 | Construir | Farm |
| 13:43 | Crear | Archer |
| 13:47 | Construir | House |
| 13:50 | Construir | Palisade Wall |
| 13:51 | Crear | Villager (Male) |
| 13:51 | Crear | Villager (Male) |
| 13:53 | Construir | Farm |
| 13:55 | Construir | Farm |
| 14:03 | Investigar | Double-Bit Axe |
| 14:25 | Construir | Farm |
| 14:27 | Crear | Villager (Male) |
| 14:34 | Crear | Archer |
| 14:41 | Crear | Archer |
| 14:54 | Crear | Villager (Male) |
| 14:54 | Crear | Villager (Male) |
| 15:09 | Construir | Farm |
| 15:11 | Crear | Archer |
| 15:48 | Crear | Archer |
| 15:49 | Crear | Archer |
| 15:59 | Construir | Farm |
| 15:59 | Construir | Farm |
| 16:00 | Construir | Farm |
| 16:00 | Construir | Farm |
| 16:00 | Construir | Farm |
| 16:07 | Construir | House |
| 16:32 | Crear | Archer |
| 16:32 | Crear | Archer |
| 16:34 | Crear | Villager (Male) |
| 16:35 | Crear | Villager (Male) |
| 16:48 | Construir | Farm |
| 16:48 | Construir | Farm |
| 16:58 | Crear | Archer |
| 16:59 | Crear | Archer |
| 17:18 | Crear | Archer |
| 17:20 | Crear | Villager (Male) |
| 17:20 | Crear | Villager (Male) |
| 17:22 | Construir | Farm |
Cronología de la partida
| 6:38 | TheKillerSoap · first_building Barracks |
| 7:24 | Ode · first_building Barracks |
| 8:37 | Ode · wall_segment Palisade Wall x1 |
| 8:37 | Ode · wall_segment Palisade Wall x1 |
| 8:47 | Ode · age_up feudal |
| 8:51 | Ode · first_building Archery Range |
| 8:56 | TheKillerSoap · wall_segment Palisade Wall x8 |
| 9:15 | TheKillerSoap · age_up feudal |
| 9:27 | Ode · wall_segment Palisade Wall x1 |
| 9:29 | Ode · wall_segment Palisade Wall x1 |
| 9:38 | Ode · wall_segment Palisade Wall x1 |
| 9:41 | Ode · wall_segment Palisade Wall x1 |
| 9:46 | TheKillerSoap · first_building Archery Range |
| 9:57 | TheKillerSoap · wall_segment Palisade Wall x1 |
| 11:48 | Ode · wall_segment Palisade Wall x5 |
| 12:15 | TheKillerSoap · wall_segment Palisade Wall x7 |
| 12:23 | TheKillerSoap · wall_segment Palisade Wall x3 |
| 13:02 | Ode · first_building Stable |
| 13:50 | TheKillerSoap · wall_segment Palisade Wall x12 |
| 14:37 | Ode · wall_segment Palisade Wall x1 |
| 16:50 | Ode · wall_segment Palisade Wall x1 |
| 17:09 | Ode · first_market_sell 100 food |
| 17:28 | Ode · resign |
[ ANÁLISIS IA · 1 CRÉDITO ]
¿Qué pasó realmente en esta partida?
Wolo.gg analiza cada decisión: build order, eco, micro, errores típicos por bracket. Análisis personalizado por WhatsApp o Discord en 30 segundos.
Guía civ
Chinos
Perfil
Ode